Get step-by-step instructions on how to execute this build order below. Start the game timer, and the build order will tick by so you can play in parallel with StarCraft on a second screen or mobile device.

Game Time

  0:00

Last Step

  N/A

Next Step

Upcoming Step



Don't want to look back and forth between 2 screens? Try out our Overwolf App, the Spawning Tool Build Advisor to get an in-game overlay with this build!

Complete Build Order

  12  0:00  Probe  
  13  0:12  Probe  
  14  0:20  Pylon  
  14  0:24  Probe (Chrono Boost)  
  15  0:39  Gateway, Probe (Chrono Boost)  
  16  0:45  Probe (Chrono Boost)  
  16  0:47  Assimilator  
  17  0:54  Probe  
  18  1:06  Probe  
  19  1:18  Probe  
  20  1:25  Nexus  
  20  1:33  Cybernetics Core  
  20  1:37  Probe  
  21  1:42  Assimilator  
  21  1:49  Probe  
  21  1:52  Pylon  
  22  2:01  Probe  
  22  2:07  Adept (Chrono Boost)  
  23  2:13  Probe  
  26  2:16  Stargate  
  26  2:23  Warp Gate  
  26  2:26  Probe (Chrono Boost)  
  26  2:27  Adept (Chrono Boost)  
  27  2:37  Probe (Chrono Boost)  
  30  2:43  Probe (Chrono Boost)  
  31  2:46  Probe (Chrono Boost)  
  31  2:49  Adept  
  31  2:50  Probe (Chrono Boost)  
  31  2:51  Probe (Chrono Boost)  
  36  2:59  Oracle (Chrono Boost)  
  36  3:02  Probe  
  36  3:04  Probe  
  41  3:14  Probe  
  41  3:16  Probe  
  43  3:20  Pylon  
  43  3:25  Gateway  
  43  3:26  Probe  
  44  3:28  Probe  
  44  3:32  Assimilator  
  44  3:34  Assimilator  
  45  3:36  Robotics Facility  
  45  3:38  Probe  
  45  3:40  Probe  
  47  3:46  Twilight Council  
  47  3:50  Probe  
  47  3:52  Probe  
  47  3:54  Shield Battery  
  47  3:55  Pylon  
  49  4:02  Probe  
  50  4:09  Gateway  
  50  4:10  Probe  
  50  4:11  Gateway  
  50  4:15  Adept  
  53  4:17  Probe  
  53  4:22  Probe  
  55  4:24  Warp Prism (Chrono Boost)  
  55  4:35  Templar Archives  
  55  4:42  Nexus  
  55  4:50  Pylon  
  55  4:55  Charge (Chrono Boost)  
  55  5:04  Gateway  
  55  5:06  Gateway  
  55  5:12  Gateway  
  55  5:15  Gateway  
  55  5:16  High Templar x3  
  55  5:19  High Templar  
  63  5:24  Archon  
  63  5:25  Archon  
  63  5:29  Pylon  
  62  5:35  Probe  
  62  5:36  Probe  
  62  5:39  Pylon  
  64  5:49  Zealot x3  
  70  5:51  Zealot  
  70  5:55  Probe x2  
  74  6:00  Pylon  
  74  6:10  Zealot x6  
  86  6:12  Zealot x2  
  86  6:16  Pylon  
  88  6:35  Probe  
  88  6:36  Probe x2  
  91  6:44  Zealot x8  
  105  6:47  Probe  
  105  6:48  Probe x2  
  105  6:50  Shield Battery  
  97  6:59  Probe (Chrono Boost)  
  97  7:00  Probe (Chrono Boost)  
  97  7:01  Probe (Chrono Boost)  
  84  7:07  Zealot x3  
  74  7:11  Probe (Chrono Boost)  
  74  7:12  Immortal (Chrono Boost), Probe (Chrono Boost)  
  77  7:17  Probe (Chrono Boost)  
  77  7:20  Probe (Chrono Boost)  
  77  7:21  Probe (Chrono Boost)  
  79  7:25  Sentry x3, Probe (Chrono Boost)  
  79  7:29  Probe  
  86  7:30  Probe  
  86  7:31  Stalker  
  86  7:36  Assimilator  
  90  7:40  Assimilator  
  90  7:41  Immortal (Chrono Boost)  
  94  7:45  Probe  
  96  7:51  Probe  
  96  7:52  Probe  
  97  7:59  Shield Battery  
  97  8:04  Probe, Forge  
  98  8:09  Sentry x2  
  98  8:11  Stalker  
  98  8:12  Stalker  
  105  8:15  Zealot x2  
  105  8:24  Stalker x2